AoeStats
← fbouser

Yucatan

503296236Analyzed
2v2 RM · 3mo ago on Aug 31, 2026· 55m 57s· 4 players
Game mode
Random Map
Map size
Medium (4 player)
Population
200
Speed
Normal
Resources
Standard
Victory
Conquest
Starting age
Dark Age
Ending age
Imperial Age
RankedLock teamsTeams togetherTeam positionsShared explorationLock speedFull tech treeHidden civsTurbo modeCheats
Victory
Defeat
🇦🇷 Mongols · Argentina
888
+16
🇦🇷 Franks · Argentina
836
+19
vs
🇦🇷 Turks · Argentina
898
-18
🇦🇷 Spanish · Argentina
897
-18
CaroDaddy
2:14 Loom
11:21 Feudal Age
12:51 Double-Bit Axe
14:09 Stone Mining
19:19 Castle Age
19:27 Elite Skirmisher
20:24 Squires
28:24 Wheelbarrow
43:56 Fletching
46:49 Bow Saw
51:29 Bodkin Arrow
52:54 #83
55:38 Ballistics
55:35 Gold Mining
fbouser
2:59 Loom
10:03 Feudal Age
17:45 Castle Age
15:37 Double-Bit Axe
16:01 Scale Barding Armor
16:47 Forging
17:10 Bloodlines
17:01 Town Watch
17:19 Horse Collar
23:05 Wheelbarrow
32:27 Husbandry
32:54 Chain Barding Armor
32:24 Fletching
38:06 Imperial Age
37:03 Hand Cart
37:14 Hand Cart
38:47 Town Patrol
40:32 Elite Steppe Lancer
42:12 Bodkin Arrow
42:57 Iron Casting
42:18 Bodkin Arrow
43:40 Conscription
47:46 Elite Mangudai
50:28 Blast Furnace
49:28 Bracer
52:25 Ballistics
53:06 Chemistry
51:39 Light Cavalry
53:30 Bracer
53:56 Hussar
El Dandy del Sur
5:57 Loom
11:40 Feudal Age
12:42 Double-Bit Axe
16:57 Castle Age
16:09 Stone Mining
17:31 Gold Mining
17:54 Bow Saw
18:48 Horse Collar
27:46 Town Watch
37:06 Imperial Age
40:23 Wheelbarrow
43:55 Padded Archer Armor
44:06 Forging
45:28 Hand Cart
53:40 Two-Man Saw
Cuakiecosa
5:50 Loom
12:07 Feudal Age
18:28 Castle Age
17:08 Stone Mining
17:35 Double-Bit Axe
Connection lost

Rejoining the realm…

Still unreachable

The connection could not be restored.

Session expired

The server has moved on; the page needs a fresh start.